 Dungeon Crawl Stone Soup version 0.31-a0-232-gb1c03b2570 (webtiles) character file.

Game seed: 15125057595779519753

9917 Ijustatesigmund the Tainter (level 11, -8/72 HPs)
             Began as an Octopode Venom Mage on July 7, 2023.
             Was a Believer of Vehumet.
             Mangled by a sixfirhy (11 damage)
             ... in a Gauntlet.
             The game lasted 00:34:35 (16852 turns).

Ijustatesigmund the Tainter (Octopode Venom Mage)  Turns: 16852, Time: 00:34:35

Health: -8/72      AC:  1    Str:  8    XL:     11   Next: 54%
Magic:  20/22      EV: 16    Int: 27    God:    Vehumet [**....]
Gold:   854        SH:  0    Dex: 19    Spells: 8/25 levels left

rFire   . . .        b - +8 short sword (protect)
rCold   . . .        (no shield)
rNeg    . . .        (helmet restricted)
rPois   +            (no amulet)
rElec   .            g - ring of see invisible
rCorr   .            h - ring of wizardry
SInv    +            s - ring of Enaocs {rPois Will+ Int+6 Dex+6}
Will    +....        (no ring)
Stlth   +++          (no ring)
HPRegen 0.32/turn    (no ring)
MPRegen 0.18/turn    (no ring)
                     (no ring)

%: no teleportation, wizardry (x1)
@: no status effects
A: almost no armour, amphibious, 8 rings, camouflage 1, gelatinous body 1,
(nimble swimmer 1), tentacles
a: Renounce Religion


You were in a Gauntlet.
You worshipped Vehumet.
Vehumet was pleased with you.
You visited 2 branches of the dungeon, and saw 12 of its levels.
You also visited: Ossuary and Gauntlet.

You collected 854 gold pieces.

Inventory:

Hand Weapons
 b - a +8 short sword of protection (weapon)
 l - the +5 great sword of the Girdle {freeze, rC++}
   (You found it on level 5 of the Dungeon)

   rC:        It greatly protects you from cold.
 n - a +4 quarterstaff of chaos
 w - the +8 hammer of No Interval {spect, Drain Int+4 Stlth+}
   (You found it on level 5 of the Dungeon)

   Int:       It affects your intelligence (+4).
   Drain:     It drains your maximum health when unequipped.
   Stlth:     It makes you more stealthy.
Missiles
 k - a throwing net
Jewellery
 g - a ring of see invisible (left tentacle)
 h - a ring of wizardry (right tentacle)
 s - the ring of Enaocs (on tentacle) {rPois Will+ Int+6 Dex+6}
   (You acquired it on level 5 of the Dungeon)

   [ring of intelligence]

   Int:       It affects your intelligence (+6).
   Dex:       It affects your dexterity (+6).
   rPois:     It protects you from poison.
   Will:      It increases your willpower.
 x - a ring of flight
Wands
 u - a wand of flame (18)
 v - a wand of digging (5)
 B - a wand of iceblast (8)
 D - a wand of paralysis (6)
Scrolls
 e - 5 scrolls of identify
 f - 2 scrolls of immolation
 y - a scroll of enchant armour
 A - 2 scrolls of amnesia
 C - a scroll of teleportation
Potions
 a - a potion of magic
 c - 3 potions of brilliance
 d - 3 potions of mutation
 i - a potion of enlightenment
 j - a potion of cancellation
 m - a potion of haste
 o - a potion of lignification
 p - a potion of ambrosia
 q - a potion of curing
 r - a potion of might
 t - a potion of heal wounds
 z - a potion of attraction


   Skills:
 - Level 5.4 Fighting
 - Level 4.7 Short Blades
 - Level 5.2 Dodging
 - Level 2.6 Stealth
 + Level 7.9 Spellcasting
 + Level 6.8 Conjurations
 - Level 4.1 Necromancy
 - Level 1.0 Transmutations
 + Level 0.6 Ice Magic
 + Level 6.8 Air Magic
 + Level 9.1 Poison Magic
 + Level 1.8 Evocations


You had 8 spell levels left.
You knew the following spells:

 Your Spells              Type           Power      Damage    Failure   Level
a - Sting                 Tmut/Pois      100%       1d8       1%          1
b - Poisonous Vapours     Pois/Air       100%       N/A       1%          2
c - Mephitic Cloud        Conj/Pois/Air  51%        N/A       1%          3
d - Olgreb's Toxic Radia  Pois           57%        N/A       1%          4
e - Dispel Undead         Necr           33%        3d14      4%          4
f - Frozen Ramparts       Ice            28%        1d5       4%          3

Your spell library contained the following spells:

 Spells                   Type           Power      Damage    Failure   Level
 Momentum Strike          Conj/Tloc      58%        3d9       1%          2
 Kiss of Death            Conj/Necr      100%       2d13      1%          1
 Stone Arrow              Conj/Erth      58%        3d10      1%          3
 Vhi's Electric Charge    Tloc/Air       58%        N/A       1%          3
 Sandblast                Erth           20%        2d7       2%          1
 Passwall                 Tmut/Erth      10%        N/A       2%          2
 Scorch                   Fire           20%        2d6       3%          2
 Arcjolt                  Conj/Air       23%        1d33      3%          5
 Flame Wave               Conj/Fire      29%        2d9       5%          4
 Confusing Touch          Hex            10%        N/A       6%          3
 Ice Form                 Ice/Tmut       15%        N/A       16%         4
 Summon Ice Beast         Ice/Summ       12%        N/A       19%         4
 Summon Cactus Giant      Summ           5%         N/A       96%         6
 Maxwell's Capacitive Co  Air            23%        ∞         100%        8


Dungeon Overview and Level Annotations

Branches:
Dungeon (11/15)            Temple (1/1) D:6            Lair (0/5) D:11
Ossuary (visited)         Gauntlet (1/1)
    Orc: D:9-12

Altars:
Ashenzari
Cheibriados
Dithmenos
Elyvilon
Fedhas
Gozag
Hepliaklqana
Kikubaaqudgha
Makhleb
Nemelex Xobeh
Qazlal
Ru
Sif Muna
Trog
Uskayaw
Vehumet
Wu Jian
Xom
Yredelemnul
Zin
The Shining One

Shops:
D:6 :   D:8 :

Annotations:
D:7 Joseph Gauntlet 6 transporters, 17 runed translucent doors, exclusion: obsidian statue


Innate Abilities, Weirdness & Mutations

You cannot wear most types of armour.
You are amphibious.
You can wear up to eight rings at the same time.
Your skin changes colour to match your surroundings (Stealth+).
Your rubbery body absorbs attacks. (AC +1, EV +1)
((You are camouflaged when in or above water. (Stealth+)))
You have tentacles for arms and can constrict up to eight enemies at once.


Message History

Found a large runed translucent door.
Found a transporter.
Found a runed war axe.
The hornet buzzes angrily. x2; You hear an angry buzzing noise.
Found a transporter.
There is a transporter here.
Found a transporter.
There is a transporter here.
You enter the transporter and appear at another place.
The ufetubus hits you but does no damage.
The ufetubus hits you. The ufetubus attacks as you move away!
The ufetubus closely misses you. The ufetubus hits you.
Casting: Olgreb's Toxic Radiance (mildly dangerous; 1% risk of failure)
Confirm with . or Enter, or press ? or * to list all spells.
You begin to radiate toxic energy.
The ufetubus is poisoned.
The sixfirhy is poisoned.
The ufetubus is poisoned.
The sixfirhy looks even sicker.
The ufetubus looks even sicker.
The ufetubus misses you. The ufetubus barely misses you.
The ufetubus looks even sicker.
You kill the ufetubus!
Vehumet accepts your kill.
You feel your power returning. The sixfirhy hits you! The sixfirhy shocks you!
The sixfirhy hits you! The sixfirhy shocks you!
The sixfirhy closely misses you. The sixfirhy hits you!
* * * LOW HITPOINT WARNING * * *
The sixfirhy shocks you!
* * * LOW HITPOINT WARNING * * *
You feel much better.
The ufetubus looks even sicker.
Your toxic aura wanes.
You kill the ufetubus!
Vehumet accepts your kill.
You feel your power returning. The sixfirhy hits you.
* * * LOW HITPOINT WARNING * * *
The sixfirhy shocks you!
* * * LOW HITPOINT WARNING * * *
The sixfirhy hits you.
* * * LOW HITPOINT WARNING * * *
The sixfirhy shocks you!
You die...

..§8§........∩...∩#
...≈.............§#
##...###########..###
.#...##.......##..#8#
.#...#.#.....#.#..###
.#...#/.#...#..#..#
.#...#...#.#...#..###
.#...#©...#3...#©.#8#
.#...#...#@#...#..###
#...#..#..#
#.....#.#..###
#.......##..#8#
###########..###
....#.©.#.....#
8≈§8.#...#.8...###
≈....#.©.#.....#8#
#######..###


You could see a sixfirhy (very poisoned).

Vanquished Creatures
  4 two-headed ogres
  Maurice (D:8)
  3 trolls (D:9)
  A hornet (D:9)
  A shadow (D:11)
  7 yaks (D:9)
  Sigmund (D:4)
  A wyvern (D:9)
  2 steam dragons (D:9)
  Menkaure (D:5)
  Duvessa (D:4)
  3 orc warriors
  A black bear (D:5)
  2 sky beasts (D:6)
  4 centaurs
  Blork the orc (D:5)
  4 kobold brigands
  4 bullfrogs
  3 scorpions
  23 wights
  Dowan (D:4)
  5 killer bees (D:9)
  4 howler monkeys
  2 hounds
  3 gnoll boudas
  3 jellies
  Crazy Yiuf (D:5)
  5 orc priests
  2 iguanas
  Terence (D:2)
  3 sleepcaps
  Natasha (thrice) (D:3)
  5 orc wizards
  A mummy (Ossuary)
  16 gnolls
  4 adders
  2 white imps
  2 ufetubi (Gauntlet)
  4 worms
  A dart slug (D:2)
  25 orcs
  5 spectral bats (Ossuary)
  2 ball pythons (D:1)
  11 endoplasms
  3 giant cockroaches
  12 gnoll zombies (Ossuary)
  7 goblins
  5 hobgoblins
  4 jackals (D:2)
  19 kobolds
  2 quokkas
  5 bats
  3 bat simulacra (Ossuary)
  5 frilled lizards
  2 goblin simulacra (Ossuary)
  4 goblin zombies (Ossuary)
  2 hobgoblin zombies (Ossuary)
  A kobold simulacrum (Ossuary)
  3 kobold zombies (Ossuary)
  9 orc zombies (Ossuary)
  4 rats
  2 rat simulacra (Ossuary)
  6 spectral goblins (Ossuary)
  3 spectral kobolds (Ossuary)
  3 spectral rats (Ossuary)
283 creatures vanquished.

Notes
Turn   | Place    | Note
-------+----------+-------------------------------------------
     0 | D:1      | Ijustatesigmund the Octopode Venom Mage began the quest for
                  | the Orb.
     0 | D:1      | Reached XP level 1. HP: 11/11 MP: 3/3
    92 | D:1      | Reached XP level 2. HP: 11/18 MP: 5/5
   127 | D:1      | Learned a level 2 spell: Poisonous Vapours
   362 | D:1      | Reached skill level 1 in Fighting
   368 | D:1      | Reached skill level 4 in Poison Magic
   787 | D:1      | Reached XP level 3. HP: 23/23 MP: 1/6
   791 | D:1      | Learned a level 3 spell: Mephitic Cloud
  1551 | D:2      | Reached skill level 1 in Air Magic
  1700 | D:2      | Noticed Terence
  1714 | D:2      | Killed Terence
  1715 | D:2      | Reached XP level 4. HP: 20/28 MP: 1/7
  2524 | D:2      | Reached skill level 1 in Conjurations
  2956 | D:3      | Reached XP level 5. HP: 30/34 MP: 2/9
  3104 | D:3      | Noticed Natasha
  3110 | D:3      | Killed Natasha
  3277 | D:3      | Noticed Natasha
  3286 | D:3      | Killed Natasha
  3351 | D:3      | Noticed Natasha
  3360 | D:3      | Killed Natasha
  3895 | D:3      | Reached XP level 6. HP: 40/40 MP: 2/10
  3961 | D:3      | Learned a level 4 spell: Olgreb's Toxic Radiance
  4325 | D:4      | Noticed Dowan
  4374 | D:4      | Found a sand-covered staircase.
  4465 | D:4      | Reached skill level 5 in Poison Magic
  4558 | Ossuary  | Entered an ossuary
  6073 | D:4      | Noticed Sigmund
  6079 | D:4      | Killed Sigmund
  6080 | D:4      | Reached XP level 7. HP: 37/45 MP: 2/12
  6370 | D:4      | Noticed Duvessa
  6383 | D:4      | Killed Duvessa
  6386 | D:4      | Killed Dowan
  6836 | D:5      | Entered Level 5 of the Dungeon
  6887 | D:5      | Reached skill level 6 in Poison Magic
  6928 | D:5      | Identified a scroll of acquirement
  6928 | D:5      | Acquired the ring of Enaocs {rPois Will+ Int+6 Dex+6}
  6953 | D:5      | Noticed Blork the orc
  6961 | D:5      | Killed Blork the orc
  6967 | D:5      | Reached skill level 1 in Short Blades
  7068 | D:5      | Identified the +8 hammer of No Interval {spect, Drain Int+4
                  | Stlth+}
  7075 | D:5      | Found a runed translucent door.
  7076 | D:5      | Noticed Crazy Yiuf
  7084 | D:5      | Killed Crazy Yiuf
  7085 | D:5      | Reached XP level 8. HP: 37/51 MP: 6/14
  7835 | D:5      | Noticed Menkaure
  7842 | D:5      | Killed Menkaure
  8198 | D:5      | Identified the +5 great sword of the Girdle {freeze, rC++}
  8639 | D:6      | Reached skill level 7 in Poison Magic
  8785 | D:6      | Reached skill level 5 in Spellcasting
  8806 | D:6      | Reached XP level 9. HP: 51/55 MP: 6/16
  9040 | D:6      | Reached skill level 5 in Conjurations
  9040 | D:6      | Reached skill level 5 in Air Magic
  9687 | D:6      | Found Xifyath's Book Emporium.
  9899 | D:6      | Found a staircase to the Ecumenical Temple.
  9905 | Temple   | Entered the Ecumenical Temple
  9913 | Temple   | Became a worshipper of Vehumet
 10439 | D:7      | Found a snail-covered altar of Cheibriados.
 10623 | D:7      | Found a shimmering altar of Xom.
 10626 | D:7      | Found an ornate altar of the Wu Jian Council.
 10641 | D:7      | Identified the +1 dagger "Maotwitu" {vamp, *Corrode Str+6}
 10692 | D:7      | Noticed Joseph
 11131 | D:8      | Noticed Maurice
 11140 | D:8      | Noticed a two-headed ogre
 11143 | D:8      | Killed Maurice
 11150 | D:8      | Killed a two-headed ogre
 11151 | D:8      | Reached skill level 8 in Poison Magic
 11151 | D:8      | Reached XP level 10. HP: 33/61 MP: 1/19
 11329 | D:8      | Found Enalurou's Self-Improvement Boutique.
 11923 | D:8      | Noticed a two-headed ogre
 11950 | D:8      | Killed a two-headed ogre
 12019 | D:8      | Found a hide-covered altar of Uskayaw.
 12152 | D:8      | Found a glowing silver altar of Zin.
 12475 | D:8      | Learned a level 4 spell: Dispel Undead
 13667 | D:9      | Reached skill level 1 in Necromancy
 13667 | D:9      | Reached * piety under Vehumet
 13667 | D:9      | Offered knowledge of Magic Dart by Vehumet.
 14114 | D:9      | Noticed a two-headed ogre
 14123 | D:9      | Killed a two-headed ogre
 14299 | D:9      | Reached XP level 11. HP: 70/70 MP: 15/21
 14365 | D:9      | Noticed a two-headed ogre
 14394 | D:9      | Reached skill level 5 in Fighting
 14395 | D:9      | Killed a two-headed ogre
 14396 | D:9      | Reached skill level 5 in Dodging
 14681 | D:9      | HP: 2/72 [troll (10)]
 15084 | D:9      | Reached ** piety under Vehumet
 15085 | D:9      | Reached skill level 9 in Poison Magic
 15085 | D:9      | Reached skill level 1 in Evocations
 15086 | D:9      | Offered knowledge of Momentum Strike by Vehumet.
 15644 | D:10     | Entered Level 10 of the Dungeon
 15700 | D:10     | Learned a level 3 spell: Frozen Ramparts
 16568 | D:11     | Found a staircase to the Lair.
 16599 | D:11     | Found a gate leading to a gauntlet.
 16642 | Gauntlet | Entered a Gauntlet
 16642 | Gauntlet | Noticed an obsidian statue
 16642 | Gauntlet | Noticed a sixfirhy
 16642 | Gauntlet | Found a transporter.
 16642 | Gauntlet | Found a transporter.
 16732 | Gauntlet | Found a transporter.
 16734 | Gauntlet | Found a large runed translucent door.
 16735 | Gauntlet | Found a large runed translucent door.
 16736 | Gauntlet | Found a large runed translucent door.
 16736 | Gauntlet | Found a large runed translucent door.
 16736 | Gauntlet | Found a runed translucent door.
 16736 | Gauntlet | Found a runed translucent door.
 16737 | Gauntlet | Found a large runed translucent door.
 16738 | Gauntlet | Found a large runed translucent door.
 16739 | Gauntlet | Found a large runed translucent door.
 16739 | Gauntlet | Found a large runed translucent door.
 16740 | Gauntlet | Found a runed translucent gate.
 16740 | Gauntlet | Found a runed translucent gate.
 16740 | Gauntlet | Found a runed translucent gate.
 16742 | Gauntlet | Found a transporter.
 16742 | Gauntlet | Noticed a worldbinder
 16752 | Gauntlet | Found a large runed translucent door.
 16752 | Gauntlet | Found a large runed translucent door.
 16753 | Gauntlet | Found a large runed translucent door.
 16754 | Gauntlet | Found a large runed translucent door.
 16758 | Gauntlet | Found a transporter.
 16772 | Gauntlet | Found a transporter.
 16826 | Gauntlet | Found a transporter.
 16852 | Gauntlet | HP: 3/72 [sixfirhy (2)]
 16852 | Gauntlet | Mangled by a sixfirhy

Illustrated notes

Levels and vault maps discovered:
D:1:      dpeg_arrival_ternary, layout_loops_ring
D:2:      layout_basic, uniq_terence
D:3:      layout_basic, uniq_natasha
D:4:      layout_basic, nicolae_ossuary_entry_false_entrances, kennysheep_boxes,
          uniq_sigmund, uniq_duvessa
D:5:      layout_basic, uniq_blork_the_orc, uniq_crazy_yiuf_cottage,
          uniq_menkaure
D:6:      layout_basic, temple_green, serial_shops, nicolae_shop_rolling_square,
          nicolae_elevator_lobby_plus
D:7:      layout_basic, okawaru_metal_pillars_1_2, grunt_temple_overflow_open,
          uniq_joseph, uniq_prince_ribbit1
D:8:      layout_loops_ring, nicolae_uskayaw_dance_studio,
          mainiacjoe_overflow_24_doors, nicolae_shop_self_help, uniq_maurice
D:9:      minmay_polygon_palace, layout_irregular_city
D:10:     layout_loops_ring
D:11:     layout_big_octagon, lair_entry_dummy, serial_demonic,
          serial_demonic_c, serial_demonic_a, serial_demonic_f,
          serial_demonic_a, serial_demonic_e, gauntlet_entry_generic,
          muffindrake_ghost_dual_entry
Temple:   compressed_dpeg_triangle_lava_temple
Gauntlet: gammafunk_gauntlet_shortcut [nicolae_gauntlet_arena_quarters,
          nicolae_gauntlet_arena_t_cross, nicolae_gauntlet_arena_x,
          minmay_gauntlet_arena_make_your_own_arena,
          gammafunk_gauntlet_arena_arrow_garden,
          gammafunk_gauntlet_arena_split_diamond, gauntlet_exit_hidden_loot]

Skill      XL: |  1  2  3  4  5  6  7  8  9 10 11 |
---------------+----------------------------------+-----
Fighting       | 1 2 4 5 |  5.4
Poison Magic   | 4 5 6 7 8 9 |  9.1
Air Magic      | 1 2 3 4 6 |  6.8
Conjurations   | 1 2 3 4 6 |  6.8
Spellcasting   | 3 4 5 6 7 |  7.9
Short Blades   | 1 3 4 |  4.7
Dodging        | 4 5 |  5.2
Necromancy     | 3 4 |  4.1
Evocations     | 1 |  1.8
Stealth        | |  2.6
Transmutations | |  1.0
Ice Magic      | |  0.6

Action                     |  1- 3 |  4- 6 |  7- 9 | 10-12 || total
---------------------------+-------+-------+-------+-------++-------
  Melee: Flail             |    40 |    30 |       |       ||    70
         Constrict         |     9 |    36 |    26 |    27 ||    98
         Tentacles         |     8 |    32 |    29 |    46 ||   115
         Punch             |     1 |     4 |     2 |     2 ||     9
         Dagger            |       |   138 |     6 |       ||   144
         Short sword       |       |       |    99 |   148 ||   247
   Cast: Sting             |    17 |    32 |     3 |     3 ||    55
         Poisonous Vapours |    20 |    35 |    51 |    22 ||   128
         Mephitic Cloud    |       |     2 |     3 |     7 ||    12
         Olgreb's Toxic Ra |       |     1 |    15 |    23 ||    39
  Evoke: Wand              |       |       |       |     3 ||     3
    Use: Scroll            |     4 |     5 |    11 |     3 ||    23
         Potion            |       |     2 |     3 |    10 ||    15
   Stab: Confused          |       |     1 |       |     1 ||     2
         Sleeping          |       |     2 |     5 |     2 ||     9
         Distracted        |       |     1 |       |     1 ||     2
         Invisible         |       |     1 |       |       ||     1
 Armour: Skin              |     6 |    23 |    16 |    37 ||    82
  Dodge: Dodged            |    28 |    78 |    60 |   133 ||   299

Table legend: (Time is in decaauts)
 A = Elapsed time spent in this place.
 B = Non-inter-level travel time spent in this place.
 C = Inter-level travel time spent in this place.
 D = Time resting spent in this place.
 E = Time spent auto-exploring this place.
 F = Levels seen in this place.
 G = Mean time per level.
                   A        B        C        D        E       F      G
               +--------+--------+--------+--------+--------+-----+--------+
         Total |  16825 |  16449 |    376 |   6991 |   7232 |  14 | 1201.8 |
       Dungeon |  14985 |  14622 |    363 |   6000 |   6791 |  11 | 1362.3 |
        Temple |    289 |    277 |     12 |      0 |    263 |   1 |  289.0 |
       Ossuary |   1340 |   1340 |      0 |    912 |    178 |   1 | 1340.0 |
      Gauntlet |    209 |    209 |      0 |     79 |      0 |   1 |  209.0 |
               +--------+--------+--------+--------+--------+-----+--------+

Top non-repeatable levels by time:
     D:9: 2563 daAuts
     D:8: 2231 daAuts
     D:6: 1947 daAuts
     D:5: 1722 daAuts
     D:2: 1655 daAuts
     D:3: 1447 daAuts
 Ossuary: 1340 daAuts
     D:1: 1210 daAuts
     D:4: 1207 daAuts
    D:10: 628 daAuts
  Temple: 289 daAuts
     D:7: 289 daAuts
Gauntlet: 209 daAuts
    D:11: 82 daAuts
